[Event "Titled Tuesday Blitz April 25 Early 2023"]
[White "Santos Flores, Alberto"]
[Black "Ruge, Edison"]
[WhiteFideId "3601234"]
[BlackFideId "4401000"]
[WhiteElo "2235"]
[BlackElo "2175"]
[Result "1-0"]
[Round "02"]
[TimeControl "180+2"]
[Date "2023.04.25"]
[WhiteClock "0:01:52"]
[BlackClock "0:00:48"]

1. e4 e5 2. Nf3 Nc6 3. Bc4 Be7 4. d4 d6 5. h3 Nf6 6. Nc3 Kf8 7. O-O Nxe4 8. Nxe4 d5 9. Nxe5 Nxe5 10. dxe5 dxc4 11. f4 Qxd1 12. Rxd1 Bf5 13. Re1 Rd8 14. g4 Bxe4 15. Rxe4 Rd1+ 16. Kf2 b5 17. Re1 Bc5+ 18. Be3 Bxe3+ 19. Kxe3 Rxa1 20. Rxa1 Ke7 21. Rd1 h5 22. g5 Ke6 23. a4 a6 24. axb5 axb5 25. Ra1 Rd8 26. Ra6+ Kf5 27. Rc6 Rd7 28. Rc5 Rd1 29. Rxc7 Re1+ 30. Kd2 Rh1 31. Rxf7+ Ke4 32. e6 b4 33. e7 Rh2+ 34. Ke1 Kf3 35. e8=Q Rh1+ 36. Kd2 Rh2+ 37. Kd1 1-0


[Site "https://www.chess.com"]

[Event "Titled Tuesday Blitz April 25 Early 2023"]
[White "mjelcic"]
[Black "Akylbek2021"]
[WhiteElo "2201"]
[BlackElo "2457"]
[Result "1/2-1/2"]
[Round "02"]
[TimeControl "180+2"]
[Date "2023.04.25"]
[WhiteClock "0:00:37"]
[BlackClock "0:00:33"]

1. c4 Nf6 2. Nc3 g6 3. g3 Bg7 4. Bg2 O-O 5. e4 d6 6. Nge2 c5 7. O-O Nc6 8. d3 a6 9. Rb1 Rb8 10. b3 Ne8 11. f4 Nd4 12. Be3 Nc7 13. Nd5 Nce6 14. Nxd4 Nxd4 15. Qd2 f5 16. Rbe1 b5 17. Kh1 b4 18. Bxd4 cxd4 19. exf5 Bxf5 20. Rxe7 Re8 21. Rfe1 Rxe7 22. Rxe7 Qf8 23. Qe2 Kh8 24. Be4 Bh3 25. Bg2 Bf5 26. Be4 Bh3 27. Bg2 Bf5 1/2-1/2


[Site "https://www.chess.com"]

[Event "Titled Tuesday Blitz April 25 Early 2023"]
[White "HamedWafa4"]
[Black "Kiseleva, Arina"]
[BlackFideId "4164989"]
[WhiteElo "2457"]
[BlackElo "1708"]
[Result "1-0"]
[Round "02"]
[TimeControl "180+2"]
[Date "2023.04.25"]
[WhiteClock "0:01:48"]
[BlackClock "0:00:01"]

1. e4 c6 2. d3 d5 3. Nf3 Bg4 4. Nbd2 e6 5. g3 Nf6 6. Bg2 Be7 7. O-O O-O 8. h3 Bxf3 9. Bxf3 Qc7 10. Qe2 Nfd7 11. d4 Re8 12. e5 c5 13. c3 Nc6 14. Nb3 Qb6 15. Be3 c4 16. Nc1 a5 17. h4 f5 18. exf6 Bxf6 19. Qd2 Qd8 20. Ne2 b5 21. Bg2 b4 22. Nf4 Nf8 23. Rae1 Rb8 24. Nh5 bxc3 25. bxc3 Re7 26. Nxf6+ gxf6 27. Bf4 Reb7 28. Bh3 Qd7 29. Bh6 Nd8 30. Qf4 Rb2 31. Qxf6 Qf7 32. Qxf7+ Kxf7 33. Bf4 R8b7 34. a4 Ra2 35. Re3 Rbb2 36. Rf3 Ke8 37. Bg4 Rxa4 38. Bh5+ Kd7 39. Bc1 1-0


[Site "https://www.chess.com"]

[Event "Titled Tuesday Blitz April 25 Early 2023"]
[White "hsd2016"]
[Black "Dudzinski, Pawel"]
[BlackFideId "1117890"]
[WhiteElo "2196"]
[BlackElo "2099"]
[Result "0-1"]
[Round "02"]
[TimeControl "180+2"]
[Date "2023.04.25"]
[WhiteClock "0:00:11"]
[BlackClock "0:00:23"]

1. e4 c6 2. d4 d5 3. Nd2 dxe4 4. Nxe4 Nf6 5. Nxf6+ exf6 6. c3 Bd6 7. Bd3 O-O 8. Qc2 Re8+ 9. Ne2 h6 10. O-O Qc7 11. h3 Be6 12. Be3 Nd7 13. c4 Nf8 14. c5 Be7 15. Bf4 Qd7 16. Rad1 Bd5 17. Nc3 Ne6 18. Be3 Nc7 19. Rfe1 Be6 20. Be4 f5 21. Bf3 Nd5 22. Nxd5 Bxd5 23. Qe2 Bxa2 24. d5 Bxd5 25. Bxd5 cxd5 26. Qf3 Rad8 27. Rd3 Bf6 28. Red1 Qc6 29. Rxd5 Rxd5 30. Rxd5 Bxb2 31. Qxf5 Bf6 32. Rd6 Qe4 33. Qxe4 Rxe4 34. Bxh6 Re1+ 35. Kh2 Be5+ 0-1


[Site "https://www.chess.com"]

[Event "Titled Tuesday Blitz April 25 Early 2023"]
[White "Nilsen, Tobias Lang"]
[Black "Cesar Maestre, Bernardo"]
[WhiteFideId "1521624"]
[BlackFideId "24542547"]
[WhiteElo "2183"]
[BlackElo "2271"]
[Result "0-1"]
[Round "02"]
[TimeControl "180+2"]
[Date "2023.04.25"]
[WhiteClock "0:00:32"]
[BlackClock "0:00:04"]

1. e4 c6 2. Nc3 d5 3. Nf3 Bg4 4. h3 Bxf3 5. Qxf3 e6 6. d3 Nd7 7. g4 Bb4 8. Bd2 Qb6 9. O-O-O a5 10. Qg3 a4 11. a3 Bxc3 12. Bxc3 d4 13. Bd2 Ne7 14. f4 c5 15. f5 e5 16. g5 Nc6 17. h4 O-O-O 18. Bh3 Kb8 19. h5 Ka8 20. g6 hxg6 21. fxg6 fxg6 22. Qxg6 c4 23. Bxd7 Rxd7 24. dxc4 d3 25. Bc3 Qe3+ 26. Bd2 Qc5 27. Qg4 Qxc4 28. Bc3 Rhd8 29. cxd3 Rxd3 30. Rxd3 Rxd3 31. Rd1 Rxc3+ 32. bxc3 Qxc3+ 33. Kb1 Nd4 34. Rxd4 exd4 35. Qxg7 Qe1+ 36. Kc2 Qe2+ 37. Kc1 d3 38. Qf8+ Ka7 39. Qc5+ Kb8 40. Qe5+ Kc8 41. Qe6+ Kc7 42. Qc4+ Kd6 43. Kb1 Qd1+ 44. Kb2 Qe2+ 45. Kb1 Qd1+ 46. Kb2 d2 47. Qc2 Qe1 48. Qd3+ Ke5 49. Qd5+ Kf4 50. Qf5+ Ke3 51. Qg5+ Kd3 52. Qd5+ Ke2 53. Qc4+ Kf3 54. Qf7+ Ke3 55. Qg6 Qc1+ 56. Ka2 d1=Q 57. Qg5+ Kd3 58. Qd5+ Ke2 59. Qb5+ Qd3 0-1


[Site "https://www.chess.com"]

[Event "Titled Tuesday Blitz April 25 Early 2023"]
[White "Barria Santos, Jose Guilherme"]
[Black "Jimenez Jimenez, Leandro"]
[WhiteFideId "1939300"]
[BlackFideId "6415253"]
[WhiteElo "2266"]
[BlackElo "2263"]
[Result "0-1"]
[Round "02"]
[TimeControl "180+2"]
[Date "2023.04.25"]
[WhiteClock "0:01:24"]
[BlackClock "0:00:10"]

1. e4 e5 2. Nf3 Nc6 3. Bb5 a6 4. Ba4 Nf6 5. O-O Nxe4 6. Re1 d5 7. d3 b5 8. dxe4 dxe4 9. Qe2 exf3 10. Qxf3 Bd7 11. Bb3 Qf6 12. Bd5 Qxf3 13. Bxf3 O-O-O 14. Nc3 Nd4 15. Bd1 f6 16. Be3 Bc6 17. a4 b4 18. Ne2 Bc5 19. c3 Nxe2+ 20. Rxe2 Be7 21. Bb3 bxc3 22. bxc3 Rd3 23. Rb1 Rxc3 24. Be6+ Bd7 25. Bxd7+ Kxd7 26. Rd2+ Bd6 27. h3 Rc4 28. a5 Ra4 29. Rd5 Rc8 30. Bc5 Ke6 31. Rbd1 Rxa5 32. Rxd6+ cxd6 33. Rxd6+ Kf7 34. Rd7+ Ke8 35. Re7+ Kd8 36. Bb6+ Kxe7 37. Bxa5 Ke6 38. Kf1 g6 39. Ke2 f5 40. Kd3 e4+ 41. Kd4 Rc2 0-1


[Site "https://www.chess.com"]

[Event "Titled Tuesday Blitz April 25 Early 2023"]
[White "Mrudul Dehankar"]
[Black "Elaisaz"]
[WhiteFideId "25096990"]
[WhiteElo "2139"]
[BlackElo "2185"]
[Result "1-0"]
[Round "02"]
[TimeControl "180+2"]
[Date "2023.04.25"]
[WhiteClock "0:00:41"]
[BlackClock "0:00:06"]

1. e4 c6 2. d4 d5 3. e5 Bf5 4. Nf3 e6 5. Be2 Nd7 6. Nbd2 Ne7 7. Nb3 Ng6 8. O-O c5 9. dxc5 Ngxe5 10. Nxe5 Nxe5 11. g4 Be4 12. f3 Bg6 13. f4 Qc7 14. fxe5 Bxc5+ 15. Kh1 Bb6 16. Bf4 O-O 17. Bd3 Be4+ 18. Bxe4 dxe4 19. Qe2 Qc6 20. Rad1 Rac8 21. c3 1-0


[Site "https://www.chess.com"]

[Event "Titled Tuesday Blitz April 25 Early 2023"]
[White "Bochnicka, Vladimir"]
[Black "Putri, Regita Desyari"]
[WhiteFideId "14943450"]
[BlackFideId "7109083"]
[WhiteElo "2094"]
[BlackElo "1930"]
[Result "0-1"]
[Round "02"]
[TimeControl "180+2"]
[Date "2023.04.25"]
[WhiteClock "0:00:04"]
[BlackClock "0:00:06"]

1. e4 e5 2. Nf3 Nc6 3. Bc4 Bc5 4. b4 Bxb4 5. c3 Bd6 6. O-O Nf6 7. d4 O-O 8. Bg5 Be7 9. Re1 d6 10. Nbd2 Bg4 11. h3 Bh5 12. d5 Na5 13. Bd3 Nd7 14. Be3 b6 15. Nf1 Nb7 16. g4 Bg6 17. Ng3 Nbc5 18. Bc2 Nf6 19. Bxc5 bxc5 20. Nh4 Nd7 21. Nhf5 Re8 22. Kg2 Nb6 23. Rh1 Bh4 24. Qf3 Qg5 25. Rab1 Rf8 26. a4 a5 27. Rb5 Bxg3 28. Nxg3 Qd2 29. Rb2 Nc4 30. Ra2 Rab8 31. Bb3 Ne3+ 32. Qxe3 Qxe3 33. fxe3 Rxb3 34. Rc2 Rfb8 35. Nf5 Bxf5 36. exf5 Rb2 37. Rc1 Rxc2+ 38. Rxc2 Kf8 39. Kf3 Rb3 40. Ke4 Ke7 41. Kd3 Rb6 42. Kc4 Kf6 43. Rf2 Kg5 44. Rh2 Kh4 45. Rh1 f6 46. Kd3 Rb2 47. Kc4 Rb7 48. Kd3 h6 49. Ke4 Rb3 50. Kd3 Ra3 51. Kc4 Rxa4+ 52. Kb5 Ra3 53. Kc6 Rxc3 54. Kxc7 Rxe3 55. Kxd6 Rd3 56. Kxc5 e4 57. d6 e3 58. Kc6 Kg3 59. Ra1 Kf2 60. Rxa5 e2 61. Ra2 Kf1 62. Ra1+ Rd1 63. d7 Rxa1 64. d8=Q e1=Q 65. Qd3+ Qe2 66. Qd4 Rc1+ 67. Kd7 Rd1 0-1


[Site "https://www.chess.com"]

[Event "Titled Tuesday Blitz April 25 Early 2023"]
[White "Zhukova, Natalia"]
[Black "Sailer, Mike"]
[WhiteFideId "14101513"]
[BlackFideId "2012901"]
[WhiteElo "2297"]
[BlackElo "2109"]
[Result "0-1"]
[Round "02"]
[TimeControl "180+2"]
[Date "2023.04.25"]
[WhiteClock "0:00:06"]
[BlackClock "0:00:12"]

1. c4 g6 2. e4 Bg7 3. d4 d6 4. Nc3 Nd7 5. f4 c5 6. d5 Ngf6 7. Nf3 O-O 8. Be2 b5 9. cxb5 a6 10. O-O axb5 11. Bxb5 Ba6 12. Bxa6 Rxa6 13. Re1 Qa8 14. h3 Rb8 15. e5 Ne8 16. e6 fxe6 17. Rxe6 Bf6 18. Qe2 Ng7 19. Re4 Nb6 20. g4 Nxd5 21. Nxd5 Qxd5 22. g5 Bd4+ 23. Nxd4 cxd4 24. Rxe7 d3 25. Qd2 Nf5 26. Rc7 Qd4+ 27. Kh2 Nh4 28. Kg3 Nf5+ 29. Kh2 Re8 0-1


[Site "https://www.chess.com"]

[Event "Titled Tuesday Blitz April 25 Early 2023"]
[White "dDobravcan"]
[Black "Kielinkei"]
[WhiteElo "2158"]
[BlackElo "2430"]
[Result "0-1"]
[Round "02"]
[TimeControl "180+2"]
[Date "2023.04.25"]
[WhiteClock "0:00:03"]
[BlackClock "0:00:12"]

1. d4 Nf6 2. Nc3 d5 3. Bf4 e6 4. e3 Bd6 5. Qd2 O-O 6. O-O-O c5 7. dxc5 Bxc5 8. g4 Nxg4 9. Nf3 Nc6 10. Rg1 e5 11. Bg5 f6 12. Bh4 d4 13. Bc4+ Kh8 14. Ne4 Be7 15. h3 Nh6 16. Qe1 Qa5 17. Qf1 dxe3 18. fxe3 Nf5 19. Bf2 Rd8 20. Kb1 Rxd1+ 21. Qxd1 Qb4 22. Bd3 Be6 23. Be1 Qa4 24. b3 Qa3 0-1


[Site "https://www.chess.com"]

[Event "Titled Tuesday Blitz April 25 Early 2023"]
[White "ArtemDyachuk"]
[Black "Jaivardhan Raj"]
[BlackFideId "25744437"]
[WhiteElo "2429"]
[BlackElo "1772"]
[Result "1-0"]
[Round "02"]
[TimeControl "180+2"]
[Date "2023.04.25"]
[WhiteClock "0:01:05"]
[BlackClock "0:00:18"]

1. Nf3 Nf6 2. c4 g6 3. g3 Bg7 4. Bg2 O-O 5. O-O d6 6. Nc3 c5 7. d4 Nc6 8. dxc5 dxc5 9. Bf4 Bf5 10. Qb3 Na5 11. Qb5 Qb6 12. Ne5 Qxb5 13. cxb5 Nd7 14. Nxd7 Bxd7 15. Rfd1 Bxc3 16. Rxd7 Bxb2 17. Rb1 Bf6 18. Bxb7 Nxb7 19. Rxb7 e5 20. Be3 Rfc8 21. Rc1 c4 22. Rxa7 Rxa7 23. Bxa7 c3 24. b6 Bg5 25. e3 1-0


[Site "https://www.chess.com"]

[Event "Titled Tuesday Blitz April 25 Early 2023"]
[White "Wimalasuriya, Kasun M."]
[Black "Toktomushev, Teimur"]
[WhiteFideId "9906789"]
[BlackFideId "14176726"]
[WhiteElo "2142"]
[BlackElo "2116"]
[Result "1-0"]
[Round "02"]
[TimeControl "180+2"]
[Date "2023.04.25"]
[WhiteClock "0:01:37"]
[BlackClock "0:00:04"]

1. d4 d5 2. c4 e6 3. Nc3 Nf6 4. Nf3 Be7 5. Bg5 O-O 6. cxd5 exd5 7. e3 h6 8. Bf4 Bf5 9. Bd3 Bxd3 10. Qxd3 Nbd7 11. O-O c6 12. h3 Re8 13. Rab1 a5 14. a3 Ne4 15. Nxe4 dxe4 16. Qxe4 Bxa3 17. Qc2 Bf8 18. Rfd1 Nf6 19. Ne5 Nd5 20. Bg3 Bd6 21. e4 Nb4 22. Qb3 Qf6 23. Ng4 Qe6 24. Qxe6 Rxe6 25. e5 Bf8 26. Ne3 Rd8 27. f4 Re7 28. Bf2 Red7 29. Nc4 b6 30. Nxb6 Rb7 31. Nc4 Rb5 32. Ra1 Ra8 33. Ne3 Nd5 34. Nxd5 cxd5 35. Rd2 Rab8 36. Rc2 Rxb2 37. Rxb2 Rxb2 38. Rxa5 Rb1+ 39. Kh2 Rb2 40. Kg3 Rb3+ 41. Kh2 Rb2 42. Bg1 Bb4 43. Rxd5 Bd2 44. f5 Bf4+ 45. Kh1 Rb1 46. g4 Be3 47. Kg2 Bxg1 48. Rd8+ Kh7 49. d5 Bc5 50. e6 fxe6 51. fxe6 Re1 52. Kf3 Kg6 53. h4 Kf6 54. Rd7 g6 55. Rf7+ Ke5 56. e7 Kd6 57. Rf6+ Kxe7 58. Rxg6 Be3 59. Re6+ Kd7 60. Rxe3 Rd1 61. Re5 Rd3+ 62. Kf4 Rd4+ 63. Kf5 Rd1 64. Kg6 Rg1 65. Kh5 Kd6 66. Rf5 Rh1 67. Rf6+ Kxd5 68. Rxh6 Ke5 69. Ra6 Kf4 70. g5 Kg3 71. Ra4 Re1 72. g6 Re5+ 73. Kh6 Re6 74. h5 Re7 75. g7 Re6+ 76. Kh7 Re5 77. h6 Rh5 78. g8=Q+ Kh3 1-0


[Site "https://www.chess.com"]

[Event "Titled Tuesday Blitz April 25 Early 2023"]
[White "Fan_Of_Chucky"]
[Black "Flis, Pawel"]
[BlackFideId "1112864"]
[WhiteElo "2428"]
[BlackElo "1822"]
[Result "1-0"]
[Round "02"]
[TimeControl "180+2"]
[Date "2023.04.25"]
[WhiteClock "0:00:03"]
[BlackClock "0:00:04"]

1. d3 e5 2. Nf3 Nc6 3. c4 Nf6 4. Nc3 g6 5. e4 Bg7 6. Be2 O-O 7. Nd5 d6 8. Bg5 Be6 9. O-O a5 10. a3 Nb8 11. b4 axb4 12. axb4 Rxa1 13. Qxa1 c6 14. Nxf6+ Bxf6 15. Bxf6 Qxf6 16. Qa7 Qe7 17. Rb1 Na6 18. b5 cxb5 19. Rxb5 Nc5 20. Nxe5 Qf6 21. Nf3 Bd7 22. Rb1 Bc6 23. e5 Qe7 24. exd6 Qxe2 25. Qxc5 Qxd3 26. Re1 Rd8 27. Ne5 Qxd6 28. Qxd6 Rxd6 29. Nxc6 Rxc6 30. Rc1 Kf8 31. Kf1 Ke7 32. Ke2 Kd6 33. Kd3 Kc5 34. Rb1 Rd6+ 35. Kc3 Rd7 36. f3 Re7 37. Rb5+ Kc6 38. Rb2 Re3+ 39. Kd4 Re1 40. Rd2 Rh1 41. h3 Rg1 42. Kc3 Re1 43. Kd4 Rc1 44. Re2 Rd1+ 45. Kc3 Kd6 46. Rd2+ Rxd2 47. Kxd2 Kc5 48. Kc3 f5 49. f4 h6 50. g3 h5 51. h4 b6 52. Kb3 1-0


[Site "https://www.chess.com"]

[Event "Titled Tuesday Blitz April 25 Early 2023"]
[White "Winkels, Marcel"]
[Black "Gonzalez Zamora, Juan Carlos"]
[WhiteFideId "1003887"]
[BlackFideId "3507548"]
[WhiteElo "1900"]
[BlackElo "2535"]
[Result "0-1"]
[Round "02"]
[TimeControl "180+2"]
[Date "2023.04.25"]
[WhiteClock "0:00:09"]
[BlackClock "0:00:57"]

1. d4 Nf6 2. Nc3 d6 3. Bf4 g6 4. e3 Bg7 5. Be2 O-O 6. h4 h6 7. h5 g5 8. Bg3 c6 9. Nh3 b5 10. Qd2 b4 11. Nd1 Ne4 12. Qxb4 Nxg3 13. fxg3 Nd7 14. O-O Nf6 15. Qc3 Bd7 16. Bf3 g4 17. Nf4 gxf3 18. gxf3 Nd5 19. Qd3 Nxf4 20. gxf4 Qb6 21. Rf2 Kh8 22. Rg2 Rg8 23. Kh1 Bf6 24. Qe2 Rxg2 25. Qxg2 Rg8 26. Qh2 c5 27. c3 cxd4 28. cxd4 Bc6 29. Qf2 Qb7 30. e4 e5 31. d5 Bd7 32. f5 Rg5 33. Qh2 Qb6 34. Nf2 Qe3 35. Qh4 Qxf3+ 0-1


[Site "https://www.chess.com"]

[Event "Titled Tuesday Blitz April 25 Early 2023"]
[White "Christensen, Thomas"]
[Black "Omariev, Maksim"]
[WhiteFideId "1403532"]
[BlackFideId "4193423"]
[WhiteElo "2177"]
[BlackElo "2425"]
[Result "1-0"]
[Round "02"]
[TimeControl "180+2"]
[Date "2023.04.25"]
[WhiteClock "0:00:28"]
[BlackClock "0:00:02"]

1. d4 h5 2. e4 h4 3. Bc4 h3 4. Nxh3 d5 5. Bxd5 Nf6 6. Bxf7+ Kxf7 7. Ng5+ Kg8 8. e5 Nh7 9. c3 e6 10. Ne4 Be7 11. Qb3 Qd5 12. Qc2 c5 13. Be3 Nc6 14. O-O cxd4 15. cxd4 Nxd4 16. Bxd4 Qxd4 17. Rd1 Qxe5 18. Nbc3 Nf6 19. h3 b6 20. Re1 Bb7 21. Rad1 Nxe4 22. Nxe4 Qf5 23. Rd7 Bxe4 24. Rxe4 Bf6 25. Qe2 e5 26. Qc4+ Kh7 27. Rh4+ Bxh4 28. Qxh4+ Kg6 29. Qg3+ Kf6 30. Qxg7+ Ke6 31. Qe7# 1-0


[Site "https://www.chess.com"]

[Event "Titled Tuesday Blitz April 25 Early 2023"]
[White "Vidruska, Renate"]
[Black "Silva, Pedro Gil Ferreira Da"]
[WhiteFideId "11601841"]
[BlackFideId "1946102"]
[WhiteElo "1976"]
[BlackElo "2255"]
[Result "0-1"]
[Round "02"]
[TimeControl "180+2"]
[Date "2023.04.25"]
[WhiteClock "0:00:12"]
[BlackClock "0:01:19"]

1. e4 c5 2. Nf3 e6 3. d4 cxd4 4. Nxd4 a6 5. Nc3 Qc7 6. g3 Nf6 7. Bg2 Bb4 8. Ne2 O-O 9. O-O Nc6 10. h3 b5 11. a3 Be7 12. g4 d6 13. Ng3 Bb7 14. g5 Nd7 15. f4 Rac8 16. f5 Nce5 17. f6 gxf6 18. gxf6 Nxf6 19. Nh5 Nxh5 20. Qxh5 Ng6 21. Be3 Rfe8 22. Rf2 Bf8 23. Raf1 Re7 24. Bg5 Rd7 25. Bf6 Qc5 26. Qg4 Bh6 27. Kh2 Bg7 28. h4 Bxf6 29. Rxf6 Qe5+ 30. Kh1 h5 31. Qf3 Nxh4 32. Qh3 Nxg2 33. Qxg2+ Kf8 34. Qf3 Rcc7 35. Re1 Ke7 36. Kg1 Qxf6 37. Qxf6+ Kxf6 38. Rf1+ Ke7 0-1


[Site "https://www.chess.com"]

[Event "Titled Tuesday Blitz April 25 Early 2023"]
[White "Gil Alba, Hector Luis"]
[Black "Steenbekkers, Franck"]
[WhiteFideId "3504670"]
[BlackFideId "1004220"]
[WhiteElo "2331"]
[BlackElo "2105"]
[Result "1-0"]
[Round "02"]
[TimeControl "180+2"]
[Date "2023.04.25"]
[WhiteClock "0:02:05"]
[BlackClock "0:02:16"]

1. e4 c5 2. Nf3 Nc6 3. Bb5 e6 4. O-O Nge7 5. Nc3 a6 6. Bxc6 Nxc6 7. d4 cxd4 8. Nxd4 Qc7 9. Re1 Nxd4 10. Qxd4 Bd6 11. Qxg7 Be5 12. Qh6 b5 13. Nd5 exd5 14. exd5 Bb7 15. Bg5 d6 16. f4 Qxc2 17. fxe5 Kd7 1-0


[Site "https://www.chess.com"]

[Event "Titled Tuesday Blitz April 25 Early 2023"]
[White "Necula, Iulian"]
[Black "Avazkhonov, Alikhon"]
[WhiteFideId "1232380"]
[BlackFideId "14208504"]
[WhiteElo "1790"]
[BlackElo "1739"]
[Result "0-1"]
[Round "02"]
[TimeControl "180+2"]
[Date "2023.04.25"]
[WhiteClock "0:00:27"]
[BlackClock "0:00:41"]

1. d4 Nf6 2. Nc3 d5 3. Bf4 a6 4. e3 Bf5 5. f3 e6 6. g4 Bg6 7. h4 h5 8. g5 Ng8 9. Bd3 c5 10. Bxg6 fxg6 11. Qd3 Kf7 12. O-O-O Nc6 13. a3 c4 14. Qe2 Qa5 15. Nb1 c3 16. Nxc3 Bxa3 17. e4 Qxc3 18. exd5 Bxb2+ 19. Kb1 exd5 20. Rd3 Qb4 21. Rb3 Qxd4 22. Be3 Qe5 23. f4 Qe4 24. Rxb7+ Nge7 25. Rxb2 Qxh1 26. Bc5 Rhb8 27. Rxb8 Rxb8+ 28. Ka2 d4 29. f5 Qd5+ 30. c4 dxc3+ 31. Ka1 Qxc5 32. Qe6+ Kf8 33. Qa2 Qxg1+ 0-1


[Site "https://www.chess.com"]

[Event "Titled Tuesday Blitz April 25 Early 2023"]
[White "Lach, Aleksandra"]
[Black "Psakhis, Lev"]
[WhiteFideId "1134299"]
[BlackFideId "2800012"]
[WhiteElo "2111"]
[BlackElo "2056"]
[Result "1/2-1/2"]
[Round "02"]
[TimeControl "180+2"]
[Date "2023.04.25"]
[WhiteClock "0:00:17"]
[BlackClock "0:00:15"]

1. c4 e5 2. Nc3 Bb4 3. e4 d6 4. a3 Bc5 5. Nf3 Nc6 6. Be2 Bg4 7. O-O Bxf3 8. Bxf3 Nge7 9. b4 Bd4 10. Bb2 a6 11. Qc2 O-O 12. Ne2 Bxb2 13. Qxb2 Ng6 14. g3 Qf6 15. Bg2 Qe7 16. Rae1 f6 17. h4 Rfe8 18. Qc3 Nf8 19. f4 Ne6 20. Qe3 Ned4 21. Qd3 Nxe2+ 22. Qxe2 Nd4 23. Qg4 Qe6 24. Qxe6+ Rxe6 25. f5 Re7 26. Kf2 c5 27. Rb1 b5 28. Rfc1 Rc7 29. Bf1 Kf8 30. Ke3 Rac8 31. cxb5 axb5 32. bxc5 Rxc5 33. Rxc5 Rxc5 34. Rb2 Ke7 35. Bd3 Kd7 36. g4 Kc6 37. g5 Rc1 38. gxf6 gxf6 39. Kf2 Rh1 40. Kg3 Rg1+ 41. Kh3 Kc5 42. Rb1 Rg8 43. Rc1+ Kb6 44. Rf1 Kc6 45. Rc1+ Kb6 46. h5 Ka5 47. Rc7 h6 48. Ra7+ Kb6 49. Rf7 Nf3 50. Rxf6 Ng1+ 51. Kh2 Nf3+ 52. Kh3 Ng1+ 53. Kh2 Nf3+ 54. Kh3 1/2-1/2


[Site "https://www.chess.com"]

[Event "Titled Tuesday Blitz April 25 Early 2023"]
[White "Dwilewicz, Katarzyna"]
[Black "Maranhao,Jose Renato Ruiz"]
[WhiteFideId "1148486"]
[BlackFideId "2135175"]
[WhiteElo "2065"]
[BlackElo "1970"]
[Result "1-0"]
[Round "02"]
[TimeControl "180+2"]
[Date "2023.04.25"]
[WhiteClock "0:02:15"]
[BlackClock "0:00:11"]

1. e4 c6 2. d4 d5 3. exd5 cxd5 4. Bd3 Nf6 5. c3 Nc6 6. Bf4 Bg4 7. Qb3 Qb6 8. Nd2 e6 9. Ngf3 Be7 10. O-O Qxb3 11. axb3 O-O 12. b4 a6 13. h3 Bxf3 14. Nxf3 b5 15. Ra2 Rfc8 16. Rfa1 Bxb4 17. Rxa6 Rxa6 18. Rxa6 Bf8 19. Bxb5 Ne7 20. Nd2 Rb8 21. Bxb8 1-0


[Site "https://www.chess.com"]

[Event "Titled Tuesday Blitz April 25 Early 2023"]
[White "Rangel, Daniel"]
[Black "Aung Thant Zin"]
[WhiteFideId "2124475"]
[BlackFideId "13000063"]
[WhiteElo "2256"]
[BlackElo "2278"]
[Result "0-1"]
[Round "02"]
[TimeControl "180+2"]
[Date "2023.04.25"]
[WhiteClock "0:00:22"]
[BlackClock "0:00:55"]

1. e4 c5 2. Nf3 Nc6 3. d4 cxd4 4. Nxd4 Nf6 5. Nc3 d6 6. Bg5 e6 7. f3 Be7 8. Qd2 h6 9. Be3 a6 10. Nb3 b5 11. O-O-O Qc7 12. Kb1 Bb7 13. h4 O-O-O 14. Nd4 Nxd4 15. Bxd4 d5 16. e5 Nd7 17. g4 Bc5 18. Bxc5 Qxc5 19. Rh3 Nxe5 20. f4 Nc4 21. Qc1 d4 22. Ne2 Ne3 23. Re1 Nxf1 24. Rxf1 Bg2 25. Rff3 Bxh3 26. Rxh3 Kb7 27. Rd3 Rd7 28. Qd2 Rhd8 29. c3 Qc6 30. Nxd4 Qe4 31. a3 Rxd4 32. cxd4 Rxd4 33. Kc2 Kc6 34. Kc3 Rxd3+ 35. Qxd3 Qxd3+ 36. Kxd3 Kd5 37. Ke3 f6 38. b3 a5 39. Kd3 e5 40. f5 a4 41. bxa4 bxa4 42. Ke3 e4 43. h5 Ke5 44. Kd2 Kd4 45. Ke2 e3 46. g5 fxg5 47. Kf3 Kd3 48. Kg4 e2 49. f6 gxf6 50. Kf5 e1=Q 51. Kg6 Qe4+ 52. Kxh6 g4 53. Kg7 g3 54. h6 g2 55. Kxf6 g1=Q 56. h7 Qf4+ 57. Ke7 Qe1+ 58. Kd7 Qh6 59. h8=Q Qxh8 60. Kc6 Qh5 61. Kb6 Qe6+ 62. Ka7 Qh7+ 63. Kb8 Qeg8# 0-1


[Site "https://www.chess.com"]

[Event "Titled Tuesday Blitz April 25 Early 2023"]
[White "Maluco_do_Natal_00"]
[Black "Lima, Kleyton Alcantara"]
[BlackFideId "22718397"]
[WhiteElo "2005"]
[BlackElo "2009"]
[Result "0-1"]
[Round "02"]
[TimeControl "180+2"]
[Date "2023.04.25"]
[WhiteClock "0:00:04"]
[BlackClock "0:01:23"]

1. e4 c5 2. Nf3 d6 3. d4 cxd4 4. Nxd4 Nf6 5. Nc3 a6 6. Be3 e5 7. Nb3 Be6 8. Qd2 Nbd7 9. f3 h5 10. O-O-O Be7 11. Kb1 Rc8 12. h3 b5 13. Nd5 Bxd5 14. exd5 Nb6 15. Bxb6 Qxb6 16. Bd3 h4 17. Bf5 Rc7 18. f4 exf4 19. Qxf4 g6 20. Be4 Rc4 21. Rhe1 O-O 22. Nd2 Rd4 23. Qe3 Nxe4 24. Nxe4 Rxd1+ 0-1


[Site "https://www.chess.com"]

[Event "Titled Tuesday Blitz April 25 Early 2023"]
[White "Castillo Pena, Patricia Evarista"]
[Black "Mazurkiewicz, Michal"]
[WhiteFideId "6412106"]
[BlackFideId "1124943"]
[WhiteElo "1919"]
[BlackElo "2054"]
[Result "0-1"]
[Round "02"]
[TimeControl "180+2"]
[Date "2023.04.25"]
[WhiteClock "0:00:02"]
[BlackClock "0:01:11"]

1. d4 Nf6 2. Nf3 g6 3. Nc3 Bg7 4. e4 O-O 5. Be3 d6 6. Qd2 Ng4 7. Bg5 h6 8. Bh4 c5 9. h3 cxd4 10. Nxd4 Nf6 11. Bc4 Nc6 12. Nf3 a6 13. O-O b5 14. Bd3 Bb7 15. Nd5 Nxd5 16. exd5 Ne5 17. Nxe5 Bxe5 18. c3 g5 19. Bxg5 hxg5 20. Qxg5+ Bg7 21. Qf5 Re8 22. Rfe1 Bc8 23. Qh7+ Kf8 24. Re3 e5 25. dxe6 Bxe6 26. Rae1 Qf6 27. Rf3 Qh6 28. Qxh6 Bxh6 29. Bg6 Bxa2 30. Rxe8+ Rxe8 31. g4 Re1+ 32. Kh2 Bd5 33. Rf6 Bg5 34. Rf5 Re5 35. Rxe5 dxe5 36. Bf5 Bf4+ 37. Kg1 Bc1 38. b4 Bd2 39. Bc8 Bxc3 40. Bxa6 Bc6 41. Kf1 Bxb4 42. Ke2 Bc5 43. f3 b4 44. Bc4 Bd7 45. h4 Be6 46. Bd3 b3 47. g5 b2 48. h5 Ba2 49. h6 b1=B 50. Bxb1 Bxb1 0-1


[Site "https://www.chess.com"]

[Event "Titled Tuesday Blitz April 25 Early 2023"]
[White "Kopczynski, Michal"]
[Black "White, John S."]
[WhiteFideId "1124200"]
[BlackFideId "2502348"]
[WhiteElo "2212"]
[BlackElo "1952"]
[Result "0-1"]
[Round "02"]
[TimeControl "180+2"]
[Date "2023.04.25"]
[WhiteClock "0:00:16"]
[BlackClock "0:00:07"]

1. e4 e6 2. d4 d5 3. Nc3 dxe4 4. Nxe4 Nf6 5. Ng3 Nc6 6. Nf3 h6 7. Bd3 Bd6 8. c3 O-O 9. Bc2 e5 10. dxe5 Nxe5 11. Nxe5 Bxe5 12. Qxd8 Rxd8 13. f3 b6 14. O-O Ba6 15. Re1 Bd6 16. Be3 Nd5 17. Bf2 Nf4 18. Nf5 Nd3 19. Bxd3 Bxd3 20. Nxd6 Rxd6 21. Re7 c5 22. Rd1 c4 23. Bd4 Re6 24. Rxe6 fxe6 25. Re1 Kf7 26. Kf2 Re8 27. Kg3 Kg6 28. Kf4 Bf5 29. g4 Bd3 30. Ke5 Kg5 31. Be3+ Kh4 32. Kd6 Kh3 33. Bf4 Rf8 34. Be5 Rxf3 35. Bxg7 Kxg4 36. Rxe6 h5 37. Bd4 Rh3 38. Be5 Re3 39. Re7 Re2 40. Rg7+ Kh4 41. Rxa7 Rxb2 42. Kc6 b5 43. Rg7 Be4+ 44. Kc5 Bd3 45. Rg3 Rxh2 46. Kxb5 Rxa2 47. Kc5 Ra5+ 48. Kd4 Rxe5 49. Rg1 Re2 50. Rh1+ Kg4 51. Rg1+ Kf3 52. Rh1 Kg4 53. Rg1+ Kh3 54. Rh1+ Rh2 55. Re1 h4 56. Ke3 Kg3 57. Rg1+ Rg2 58. Rh1 h3 59. Kd4 h2 60. Ke3 Rg1 61. Rxh2 Kxh2 62. Kd4 Kg3 63. Ke3 Re1+ 64. Kd4 Re4+ 65. Kc5 Kf4 66. Kb4 Ke5 67. Kc5 Ke6 68. Kb4 Re3 69. Kc5 Bf1 70. Kd4 Rd3+ 71. Kxc4 Rd7+ 72. Kc5 Ke5 73. Kb4 Rd1 74. Kc5 Rc1 75. Kb4 Kd5 76. Kb3 Kc5 77. Kb2 Rd1 78. Kc2 Rd7 79. Kb2 Kc4 80. Kc2 Rd3 81. Kb2 Rxc3 82. Kb1 Kb3 83. Ka1 Rc1# 0-1


[Site "https://www.chess.com"]